 Dungeon Crawl Stone Soup version 0.20-a0-947-g2784f4f (webtiles) character file.

861 Klosterheim the Poker (level 7, -1/62 HPs)
             Began as a Centaur Abyssal Knight on Apr 2, 2017.
             Was a Priest of Lugonu.
             Slain by a gnoll
             ... wielding a +0 whip
              (3 damage)
             ... on level 4 of the Dungeon.
             The game lasted 00:10:03 (4855 turns).

Klosterheim the Poker (Centaur Abyssal Knight)      Turns: 4855, Time: 00:10:05

Health: -1/62      AC: 11    Str: 20    XL:     7   Next: 71%
Magic:  8/8        EV:  6    Int: 11    God:    Lugonu [***...]
Gold:   134        SH:  0    Dex: 10    Spells: 6/6 levels left

rFire    . . .     SeeInvis .   h - +0 scythe
rCold    . . .     Gourm    +   (shield currently unavailable)
rNeg     . . .     Faith    .   o - +0 ring mail
rPois    .         Spirit   .   (no helmet)
rElec    .         Reflect  .   a - +0 cloak
rCorr    .         Harm     .   (no gloves)
MR       .....                  d - +0 centaur barding
Stlth    ..........             f - amulet of the gourmand
Regen    0.2/turn               (no ring)
MPRegen  0.2/turn               (no ring)

@: mighty, lethally poisoned (-1 -> -16), about to teleport, very quick
A: hooves 3, deformed body, speed 2, tough skin 3
a: Depart the Abyss, Bend Space, Banish, Renounce Religion


You were on level 4 of the Dungeon.
You worshipped Lugonu.
Lugonu was most pleased with you.
You were very full.

You visited 1 branch of the dungeon, and saw 4 of its levels.
You visited the Abyss 1 time.

You collected 188 gold pieces.
You spent 54 gold pieces at shops.

Inventory:

Hand Weapons
 h - a +0 scythe (weapon)
Armour
 a - a +0 cloak (worn)
 d - a +0 centaur barding (worn)
 o - a +0 ring mail (worn)
Jewellery
 f - an amulet of the gourmand (around neck)
Scrolls
 b - a scroll of enchant armour
 e - a scroll of remove curse
 n - a scroll of teleportation
 s - a scroll of recharging
 v - a scroll of magic mapping {unknown}
Potions
 i - a potion of magic {unknown}
 k - a potion of heal wounds {unknown}
 m - a potion of resistance
 r - a potion of haste
 u - a potion of brilliance
Books
 p - a book of Changes

   Spells                             Type                      Level
   a - Beastly Appendage              Transmutation                1
   b - Sticks to Snakes               Transmutation                2
   c - Spider Form                    Transmutation/Poison         3
   d - Ice Form                       Ice/Transmutation            4
   e - Blade Hands                    Transmutation                5
Comestibles
 c - 4 bread rations
 g - 4 meat rations
 q - 6 fruits
 t - 6 chunks of flesh


   Skills:
 + Level 5.7 Fighting
 * Level 6.8 Polearms
 - Level 1.3 Armour
 - Level 0.6 Dodging
 - Level 2.0 Invocations


You had 6 spell levels left.
You didn't know any spells.

Dungeon Overview and Level Annotations

Branches:
Dungeon (4/15)             Temple (0/1) D:4

Altars:
Cheibriados
Fedhas
Zin

Shops:
D:4 *


Innate Abilities, Weirdness & Mutations

You have hooves in place of feet.
Armour fits poorly on your strangely shaped body.
You cover ground very quickly.
You have extremely tough skin. (AC +3)


Message History

* * * LOW HITPOINT WARNING * * *
You hit the gnoll shaman but do no damage.
The gnoll shaman is heavily wounded.
The gnoll hits you but does no damage.
The gnoll shaman hits you but does no damage.
You are poisoned.
You barely miss the gnoll shaman. Your kick misses the gnoll shaman.
The gnoll shaman is heavily wounded.
You feel sick. The gnoll barely misses you. The gnoll closely misses you.
The gnoll shaman hits you with a whip of venom.
* * * LOW HITPOINT WARNING * * *
You are more poisoned.
The gnoll closely misses you.
As you read the scroll of teleportation, it crumbles to dust.
You feel strangely unstable.
* * * LOW HITPOINT WARNING * * *
You feel sick.
The gnoll shaman hits you but does no damage.
The gnoll hits you but does no damage. The gnoll hits you with a whip.
You die...

##.## #.8...8# #.# #.8.>...#
#.# ##8...8.### #.#
#888#...# #.# #...(##.# #.#
##...##.##
#.##.###........## #
#.............g..#####.#####
####.###.....@ggg...).......
#.# ##....gO..##>########
#.# #.###...###.#
######.####.# ##.## #.#
##...........####.# #O#
..................# #.#
#..........#.#.#### #.#
#..........#.#.# #.#
######.......# #


You could see an ogre, a gnoll shaman and 4 gnolls.

Vanquished Creatures
  Sigmund (D:2)
  The ghost of Lifeless the Ducker, an amateur SpFi (D:3)
  An ogre (D:4)
  A small abomination (Abyss:1)
  A howler monkey (D:4)
  An orc priest (D:3)
  An orc wizard (D:4)
  Terence (D:3)
  Natasha (thrice) (D:2)
  4 worker ants (D:4)
  A gnoll (D:4)
  4 adders
  3 oozes
  4 worms
  A dart slug (D:1)
  4 leopard geckos
  16 orcs
  7 bats
  6 giant cockroaches
  10 goblins
  4 hobgoblins
  6 jackals
  A quokka (D:2)
  2 ball pythons
  3 frilled lizards
  15 kobolds
  2 quokka skeletons (D:4)
  7 rats
111 creatures vanquished.

Vanquished Creatures (others)
  A bush (D:2)
  2 plants (D:2)
3 creatures vanquished.

Grand Total: 114 creatures vanquished

Notes
Turn   | Place    | Note
-------+----------+-------------------------------------------
     0 | Abyss:1  | Klosterheim the Centaur Abyssal Knight began the quest for the Orb.
     0 | Abyss:1  | Reached XP level 1. HP: 19/19 MP: 2/2
    46 | Abyss:1  | Noticed a small abomination
   198 | Abyss:1  | Killed a small abomination
   198 | Abyss:1  | Reached skill level 3 in Polearms
   198 | Abyss:1  | Reached XP level 2. HP: 15/26 MP: 3/3
   198 | Abyss:1  | Reached XP level 3. HP: 18/31 MP: 4/4
   246 | Abyss:1  | Noticed a thrashing horror
   247 | D:1      | Escaped the Abyss
   615 | D:1      | Reached XP level 4. HP: 35/38 MP: 5/5
   825 | D:1      | Reached ** piety under Lugonu
   974 | D:2      | Noticed Sigmund
   992 | D:2      | Killed Sigmund
   992 | D:2      | Reached skill level 4 in Polearms
   992 | D:2      | Reached XP level 5. HP: 24/46 MP: 6/6
  1136 | D:2      | Noticed Natasha
  1142 | D:2      | Killed Natasha
  1146 | D:2      | Reached XP level 6. HP: 47/53 MP: 7/7
  1161 | D:2      | Noticed Natasha
  1168 | D:2      | Killed Natasha
  1168 | D:2      | Reached skill level 5 in Polearms
  1310 | D:2      | Noticed Natasha
  1316 | D:2      | Killed Natasha
  2821 | D:3      | Noticed Terence
  2836 | D:3      | Killed Terence
  2956 | D:3      | Noticed Lifeless's ghost (amateur SpFi)
  2981 | D:3      | Killed Lifeless's ghost
  2981 | D:3      | Reached skill level 5 in Fighting
  2981 | D:3      | Reached XP level 7. HP: 21/61 MP: 8/8
  3227 | D:3      | Found a faded altar of an unknown god.
  3319 | D:3      | Reached *** piety under Lugonu
  3397 | D:3      | Reached skill level 6 in Polearms
  3611 | D:4      | Found Zoipn's Assorted Antiques.
  3614 | D:4      | Bought a scroll labeled PEILORCHIEF for 27 gold pieces
  3614 | D:4      | Bought a scroll labeled PAECHA ITODIN for 27 gold pieces
  3823 | D:4      | Found a staircase to the Ecumenical Temple.
  4482 | D:4      | Found a glowing silver altar of Zin.
  4484 | D:4      | Found a snail-covered altar of Cheibriados.
  4484 | D:4      | Found a blossoming altar of Fedhas.
  4854 | D:4      | HP: 3/62 [gnoll shaman/whip of venom (5)]
  4855 | D:4      | Slain by a gnoll

Vault maps used:
D:1:      dpeg_arrival_yet_another_circle, serial_park_tiny_2
D:2:      lexackson_kobold_supper, uniq_natasha, uniq_sigmund
D:3:      chequers_ecumenical_altar_lobes, uniq_terence
D:4:      minitemple, minmay_temple_entry_statues, serial_shops, shop,
          first_bread
Abyss:1:  serial_sigils_hangedman_snap

Skill      XL: |  1  2  3  4  5  6  7 |
---------------+----------------------+-----
Polearms       | 3 4 5 6 |  6.8
Fighting       | 4 5 |  5.7
Armour         | |  1.3
Dodging        | |  0.6
Invocations    | |  2.0

Action                   |  1- 3 |  4- 6 |  7- 9 || total
-------------------------+-------+-------+-------++-------
Melee: Spear             |    99 |    42 |       ||   141
       Kick              |     8 |    25 |    32 ||    65
       Scythe            |       |   143 |   183 ||   326
  Use: Scroll            |       |     4 |     4 ||     8
       Potion            |       |     4 |     2 ||     6
 Stab: Invisible         |       |     3 |       ||     3
  Eat: Chunk             |       |     5 |    18 ||    23
Armor: Leather armour    |    20 |    55 |       ||    75
       Skin              |       |    17 |       ||    17
       Ring mail         |       |     6 |   178 ||   184
Dodge: Dodged            |    24 |    92 |    82 ||   198
